 Dungeon Crawl Stone Soup version 0.15.2 (webtiles) character file.

325 RottenBandages the Insei (level 6, -2/47 HPs)
             Began as a Mummy Monk on Oct 31, 2015.
             Killed from afar by Dowan (16 damage)
             ... with a puff of flame
             ... on Level 4 of the Dungeon.
             The game lasted 00:06:11 (4575 turns).

RottenBandages the Insei (Mummy Monk)               Turns: 4575, Time: 00:06:11

HP  -2/47        AC  8     Str 14      XL: 6   Next: 24%
MP   6/6         EV 12     Int  9      God:
Gold 348         SH  0     Dex 16      Spells:  0 memorised,  5 levels left

rFire  x . .     SeeInvis .       - Unarmed
rCold  + + .     Clarity  .     o - +0 ring mail
rNeg   + + +     rCorr    +     (no shield)
rPois  +         rRot     +     p - +1 helmet
rElec  .         Spirit   .     (no cloak)
SustAb .         Warding  .     (no gloves)
rMut   .         Stasis   .     b - +0 pair of boots
Gourm  .                        q - amulet of resist corrosion
MR     .....                    j - +3 ring of evasion
                                l - ring of protection from cold

@: glowing, not resistant to hostile enchantments, very unstealthy
A: no food or potions, fire vulnerability, restore body, cold resistance 1,
negative energy resistance 3, poison resistance, torment resistance, unbreathing
a: no special abilities


You were on level 4 of the Dungeon.
You were not hungry.

You visited 1 branch of the dungeon, and saw 4 of its levels.

You collected 348 gold pieces.


Innate Abilities, Weirdness & Mutations

You do not eat or drink.
Your flesh is vulnerable to fire.
Your flesh is cold resistant.
You are immune to negative energy.
Your system is resistant to poisons.
You are immune to unholy pain and torment.
You can survive without breathing.


   Skills:
 + Level 3.1 Fighting
 - Level 2.4 Dodging
 - Level 1.5 Stealth
 - Level 6.2 Unarmed Combat


You had 5 spell levels left.
You didn't know any spells.

Inventory:

Missiles
 h - 2 javelins (quivered)
 r - 19 poisoned needles
Armour
 b - a +0 pair of boots (worn)
 o - a +0 ring mail (worn)
 p - a +1 helmet (worn)
 s - a +0 pair of gloves
Comestibles
 m - 2 fruits
Scrolls
 a - a scroll of recharging {unknown}
 c - a scroll of enchant armour {unknown}
 d - 2 scrolls of identify {@r1}
 e - 2 scrolls of blinking
 f - a scroll of amnesia {unknown}
 g - 2 scrolls of remove curse
 i - 2 scrolls of teleportation {unknown}
 k - a scroll of immolation {unknown}
 n - a scroll of magic mapping {unknown}
Jewellery
 j - a +3 ring of evasion (right hand)
 l - a ring of protection from cold (left hand)
 q - an amulet of resist corrosion (around neck)

Dungeon Overview and Level Annotations

Branches:
Dungeon (4/15)
 Temple: D:4-7

Altars:
Elyvilon
Yredelemnul
The Shining One

Annotations:
D:4 Dowan

#.##≈≈#≈#≈##..# #.#######......
#..#≈≈≈≈≈ #g.## #......#####.##
#..#≈#≈≈≈##..# #.####.# #.##
#....####....# #.# #/..
#........g...# #.### # ###.
####......### ##...##.# #. #
##.......## ##.......# ##.
####.........####...#.#########..
...'........(ge.M....>...........
####......(..####...#.#########..
# ##.......## ##.##.# ##..
##.....## ...##.# #... ##...##
.###.#.# #..# ##+## ...# #..#
.### #..# ## #).. #.##


You could see Dowan and a goblin.


Message History

Dowan is lightly wounded.
Dowan says, "Magic and the sword, together, will defeat you."
Dowan hits you but does no damage.
You barely miss Dowan.
Dowan is lightly wounded.
Dowan casts a spell at you. The puff of flame hits you!
The fire burns you terribly!
* * * LOW HITPOINT WARNING * * *
You barely miss Dowan. Your punch misses Dowan.
Dowan is lightly wounded.
Dowan hits you with a glowing dagger.
* * * LOW HITPOINT WARNING * * *
You hit Dowan.
Dowan is lightly wounded.
Dowan gestures at you while chanting. The puff of frost misses you.
You barely miss Dowan.
Dowan is lightly wounded.
Dowan casts a spell at you. The puff of flame misses you.
You miss Dowan.
Dowan is lightly wounded.
Dowan hits you with a glowing dagger.
* * * LOW HITPOINT WARNING * * *
You are too injured to fight recklessly!
You are too injured to fight recklessly!
You are too injured to fight recklessly!
Dowan gestures at you while chanting. The puff of flame hits you!
The fire burns you terribly!
You die...

Action                   |  1- 3 |  4- 6 || total
-------------------------+-------+-------++-------
Melee: Unarmed           |   149 |   227 ||   376
Throw: Javelin           |       |     2 ||     2
  Use: Scroll            |       |     3 ||     3
 Stab: Sleeping          |     3 |     1 ||     4

Vault maps used:
D:1:      lightli_arrival_quake, fountainhead
D:2:      yredelemnul_forgotten_temple_becter
D:3:      tso_altar, first_bread
D:4:      lemuel_round_altar, serial_shops, shop_coins, minivault_4,
          uniq_duvessa

Notes
Turn   | Place    | Note
--------------------------------------------------------------
     0 | D:1      | RottenBandages, the Mummy Monk, began the quest for the Orb.
     0 | D:1      | Reached XP level 1. HP: 18/18 MP: 1/1
   249 | D:1      | Reached XP level 2. HP: 4/24 MP: 2/2
   819 | D:2      | Reached skill level 4 in Unarmed Combat
  1212 | D:2      | Reached XP level 3. HP: 29/29 MP: 3/3
  1725 | D:2      | Reached XP level 4. HP: 28/35 MP: 4/4
  1727 | D:2      | Found a basalt altar of Yredelemnul.
  2851 | D:3      | Reached skill level 5 in Unarmed Combat
  3007 | D:3      | Found a glowing golden altar of the Shining One.
  3378 | D:4      | Reached XP level 5. HP: 24/41 MP: 5/5
  3547 | D:4      | Noticed an ogre
  4028 | D:4      | Found a white marble altar of Elyvilon.
  4156 | D:4      | Killed an ogre
  4156 | D:4      | Reached skill level 6 in Unarmed Combat
  4156 | D:4      | Reached XP level 6. HP: 9/47 MP: 6/6
  4531 | D:4      | Noticed Dowan
  4575 | D:4      | Killed from afar by Dowan

Vanquished Creatures
  An ogre (D:4)
  A scorpion (D:3)
  An orc wizard (D:4)
  A hound skeleton (D:4)
  7 adders
  A worm (D:2)
  2 giant geckos (D:3)
  4 orcs (D:4)
  A ball python (D:2)
  9 goblins
  11 hobgoblins
  A jackal (D:2)
  6 kobolds
  3 quokkas
  4 bats
  5 giant cockroaches
  3 giant newts
  8 rats
  A spectral orc (D:2)
70 creatures vanquished.
